 Dungeon Crawl Stone Soup version 0.27-a0-1281-ge233d83751 (webtiles) character file.

Game seed: 5622515516432396818

9 bilbop the Bolt Thrower (level 2, 0/18 HPs)
             Began as a Kobold Hunter on June 13, 2021.
             Slain by a frilled lizard (1 damage)
             ... on level 1 of the Dungeon.
             The game lasted 00:01:00 (201 turns).

bilbop the Bolt Thrower (Kobold Hunter)              Turns: 201, Time: 00:01:00

Health: 0/18       AC:  3    Str:  9    XL:     2   Next: 25%
Magic:  2/2        EV: 14    Int: 12    God:
Gold:   0          SH:  0    Dex: 15    Spells: 1/1 levels left

rFire    . . .     SeeInvis .   b - +0 short sword
rCold    . . .     Faith    .   (shield restricted)
rNeg     . . .     Spirit   .   c - +0 leather armour
rPois    .         Reflect  .   (no helmet)
rElec    .         Harm     .   (no cloak)
rCorr    .         Rampage  .   (no gloves)
Will     .....                  (no boots)
Stlth    +++.......             (no amulet)
HPRegen  0.06/turn              (no ring)
MPRegen  0.08/turn              (no ring)

@: no status effects
A: small, no large weapons, nightstalker 3
a: no special abilities


You were on level 1 of the Dungeon.
You visited 1 branch of the dungeon, and saw 1 of its levels.

Inventory:

Hand Weapons
 a - a +1 hand crossbow
 b - a +0 short sword (weapon)
Missiles
 d - 14 bolts
Armour
 c - a +0 leather armour (worn)
Potions
 e - a potion of haste {unknown}


   Skills:
 * Level 2.5 Fighting
 + Level 0.7 Short Blades
 + Level 4.9 Crossbows
 + Level 2.6 Dodging
 + Level 1.8 Stealth


You had one spell level left.
You didn't know any spells.
Your spell library was empty.

Dungeon Overview and Level Annotations

Branches:
Dungeon (1/15)

Altars:


Innate Abilities, Weirdness & Mutations

You are small and have problems with some larger weapons.
You are completely attuned to the shadows.


Message History

* * * LOW HITPOINT WARNING * * *
The jackal bites you.
* * * LOW HITPOINT WARNING * * *
You see here a frilled lizard corpse.
You barely miss the bat.
The bat is severely wounded.
The bat closely misses you. The jackal barely misses you.
The frilled lizard barely misses you. The bat barely misses you.
The frilled lizard bites you but does no damage.
The jackal bites you but does no damage.
The bat closely misses you.
Found a scroll labelled MYPIDY OPTU.
The jackal bites you but does no damage.
You hit the jackal.
The jackal is moderately wounded.
The frilled lizard closely misses you. The jackal closely misses you.
You hit the jackal.
You kill the jackal!
The bat hits you but does no damage.
The frilled lizard bites you but does no damage.
The bat misses you. The bat barely misses you.
The frilled lizard closely misses you. The bat closely misses you.
The frilled lizard barely misses you. The bat completely misses you.
You see here a frilled lizard corpse.
You see here 18 sling bullets.
The bat hits you.
* * * LOW HITPOINT WARNING * * *
You miss the frilled lizard. The bat closely misses you.
The frilled lizard closely misses you.
You barely miss the frilled lizard. The bat barely misses you.
The frilled lizard bites you but does no damage.
You hit the frilled lizard.
The frilled lizard is heavily wounded.
The bat misses you. The frilled lizard barely misses you.
You hit the frilled lizard but do no damage.
The frilled lizard is heavily wounded.
The bat hits you but does no damage. The frilled lizard bites you.
You die...

#####.#
#......###
#P#P#)#
###.####
...)..# #...#
......# #...#
......# #...#
#P#P### #...#
##### #...#
######†.l#####
.......†(@....
........b.....
.?....(....(..
.#####...#####
#(.(#


You could see a bat and a frilled lizard.

Vanquished Creatures
  A ball python (D:1)
  3 goblins (D:1)
  A jackal (D:1)
  A quokka (D:1)
  A bat (D:1)
  A frilled lizard (D:1)
8 creatures vanquished.

Notes
Turn   | Place    | Note
-------+----------+-------------------------------------------
     0 | D:1      | bilbop the Kobold Hunter began the quest for the Orb.
     0 | D:1      | Reached XP level 1. HP: 12/12 MP: 1/1
   122 | D:1      | Reached XP level 2. HP: 18/18 MP: 2/2
   201 | D:1      | Slain by a frilled lizard

Illustrated notes

Levels and vault maps discovered:
D:1:      minmay_arrival_plants_in_alcoves, layout_loops_cross, st_stairs_14

Action                   || total
-------------------------++-------
Melee: Short sword       ||    20
 Fire: Hand crossbow     ||    15
Armor: Leather armour    ||    19
Dodge: Dodged            ||    58

Table legend: (Time is in decaauts)
 A = Elapsed time spent in this place.
 B = Non-inter-level travel time spent in this place.
 C = Inter-level travel time spent in this place.
 D = Time resting spent in this place.
 E = Time spent auto-exploring this place.
 F = Levels seen in this place.
 G = Mean time per level.
                   A        B        C        D        E       F      G
               +--------+--------+--------+--------+--------+-----+--------+
         Total |    204 |    204 |      0 |      0 |    141 |   1 |  204.0 |
       Dungeon |    204 |    204 |      0 |      0 |    141 |   1 |  204.0 |
               +--------+--------+--------+--------+--------+-----+--------+

Top non-repeatable levels by time:
     D:1: 204 daAuts
